AoeStats
← Marbas

Four Lakes

507854133Analyzed
1v1 RM · 12d ago on Sep 19, 2026· 32m 4s· 2 players
Game mode
Random Map
Map size
Tiny (2 player)
Population
200
Speed
Normal
Resources
Standard
Victory
Conquest
Starting age
Dark Age
Ending age
Imperial Age
RankedLock teamsTeams togetherTeam positionsShared explorationLock speedFull tech treeHidden civsTurbo modeCheats
Victory
Defeat
🇪🇸 Hindustanis · Spain
1755
+18
🇷🇺 Byzantines · Russia
1796
-18
CQ.MaSSa_V
6:49 Loom
9:18 Feudal Age
9:25 Man-at-Arms
10:58 Double-Bit Axe
14:37 Fletching
16:53 Town Watch
21:16 Castle Age
22:01 Bodkin Arrow
21:28 Crossbowman
24:33 Gold Mining
25:55 Fishing Lines
29:16 Ballistics
Marbas
10:30 Feudal Age
10:17 Loom
11:13 Double-Bit Axe
13:01 Fletching
18:04 Castle Age
19:43 Bodkin Arrow
22:45 Crossbowman
23:49 Padded Archer Armor
24:05 Gold Mining
25:51 Thumb Ring
27:34 Ballistics
29:15 Horse Collar
Connection lost

Rejoining the realm…

Still unreachable

The connection could not be restored.

Session expired

The server has moved on; the page needs a fresh start.